Description

Classic used this build when his life was on the line in G7 vs dark in the gsl semifinal. It is a immortal sentry all-in with some micro harass.

VOD

https://youtu.be/peyz7ZXyTAY?t=6461

Build Order

Get SALT Encoding   

  14  0:17  Pylon  
  16  0:45  Gateway  
  17  0:56  Assimilator  
  20  1:27  Nexus  
  20  1:36  Cybernetics Core  
  21  1:46  Assimilator  
  22  1:54  Pylon  
  24  2:18  Adept (Chrono Boost), Warp Gate  
  29  2:30  Robotics Facility  
  29  2:38  Stalker  
  37  3:15  Gateway  
  37  3:16  Warp Prism  
  41  3:24  Pylon  
  41  3:30  Sentry  
  45  3:45  Immortal, Assimilator  
  51  3:53  Pylon  
  57  4:14  Adept x2  warp in on map harass
  57  4:15  Gateway x2  stop probe production should be 41probes
  57  4:24  Immortal  
  57  4:17  Pylon  
  61  4:32  Pylon  
  61  4:44  Sentry x2  
  65  4:53  Immortal  
  65  5:00  Gateway x3  
  65  5:08  Sentry x2  
  73  5:10  Adept x2  
  81  5:30  Action  ATTACK! Start moving out
  77  5:40  Stalker x4  Reinforce with stalkers
Spawning Tool Build Advisor. Get it on Overwolf

Go to:

Details

  • Created by: Hindrance
  • Published on: Apr 23, 2019
  • Modified on: Apr 23, 2019
  • Patch: 4.7.1
Show
View Real Time Build Order
Export as new Build Order

Comments (0)

There are no comments. Be the first!

Create an account to comment!